 Dungeon Crawl Stone Soup version 0.26-b1-32-g5d43845318 (webtiles) character file.

Game seed: 1663074937601487402

138 roguesci the Insei (level 5, 0/45 HPs)
             Began as a Naga Transmuter on Jan 11, 2021.
             Slain by a gnoll
             ... wielding a +0 spear
              (8 damage)
             ... on level 3 of the Dungeon.
             The game lasted 00:05:46 (3084 turns).

roguesci the Insei (Naga Transmuter)                Turns: 3084, Time: 00:05:47

Health: 0/45       AC:  2    Str: 12    XL:     5   Next: 21%
Magic:  5/8        EV: 19    Int: 14    God:
Gold:   122        SH:  0    Dex: 17    Spells: 5/9 levels left

rFire    . . .     SeeInvis +     - Unarmed
rCold    . . .     Faith    .   (shield currently unavailable)
rNeg     . . .     Spirit   .   (armour currently unavailable)
rPois    x         Reflect  .   (helmet currently unavailable)
rElec    .         Harm     .   (cloak currently unavailable)
rCorr    .         Rampage  .   (gloves currently unavailable)
Will     .....                  (no barding)
Stlth    ++........             (no amulet)
HPRegen  0.15/turn              (no ring)
MPRegen  0.11/turn              (no ring)

@: short of breath, spider-form
A: tiny, see invisible, spit poison 1, AC +1
a: Spit Poison, End Transformation


You were on level 3 of the Dungeon.
You were a venomous arachnid creature.
You visited 1 branch of the dungeon, and saw 3 of its levels.

You collected 122 gold pieces.

Inventory:

Armour
 d - a +0 robe of fire resistance (melded)
Jewellery
 b - an uncursed amulet of faith
Scrolls
 e - a scroll of remove curse
 g - a scroll of enchant weapon {unknown}
 h - 2 scrolls of identify
 i - a scroll of enchant armour {unknown}
 j - a scroll of amnesia {unknown}
 k - a scroll of magic mapping {unknown}
Potions
 a - a potion of curing {unknown}
 c - a potion of haste
 f - a potion of flight


   Skills:
 * Level 2.2 Fighting
 + Level 2.0 Dodging
 + Level 1.9 Stealth
 + Level 3.5 Unarmed Combat
 + Level 2.5 Spellcasting
 * Level 3.0 Transmutations
 + Level 1.4 Poison Magic


You had 5 spell levels left.
You knew the following spells:

 Your Spells              Type           Power        Failure   Level
a - Beastly Appendage     Tmut           20%          17%         1
b - Spider Form           Tmut/Pois      3%           47%         3

Your spell library contained the following spells:

 Spells                   Type           Power        Failure   Level
 Wereblood                Tmut           10%          24%         2
 Ice Form                 Ice/Tmut       6%           90%         4
 Blade Hands              Tmut           5%           96%         5


Dungeon Overview and Level Annotations

Branches:
Dungeon (3/15)

Altars:

Annotations:
D:1 1 runed translucent door


Innate Abilities, Weirdness & Mutations

You cannot wear boots.
((Your serpentine skin is tough. (AC +1)))
You have supernaturally acute eyesight. (SInv)
((Armour fits poorly on your strangely shaped body.))
((Your system is resistant to poisons. (rPois)))
((You cover ground very slowly.))
You can spit poison.


Message History

The leopard gecko is poisoned.
You kill the leopard gecko!
The gnoll hits you but does no damage.
Casting: Beastly Appendage (safe; 6% risk of failure)
Confirm with . or Enter, or press ? or * to list all spells.
The spell is quite dangerous to cast (26% risk of failure)!
Continue anyway?
Your horns disappear.
You turn into a venomous arachnid creature.
Your +0 robe of fire resistance melds into your body.
You feel less resistant to fire. The gnoll completely misses you.
The gnoll hits you with a +0 spear.
* * * LOW HITPOINT WARNING * * *
You see here a glowing spear.
You hit the gnoll.
The gnoll is lightly wounded.
The gnoll completely misses you.
You hit the gnoll.
The gnoll is moderately wounded.
The gnoll hits you with a +0 spear!
You die...

+#.####..........##......
# #+####..?###......>
....###..........#
......[..........###
............†.......#
...........##.......#
.###........# .......
........g#####.......#
.........s..........#
........#######....>#
........# #####.....#
........###.........+
..#.........#.......## #
#......<............
+.........[...######
#.............#
#####+#.#.##..#.#


You could see a gnoll.

Vanquished Creatures
  Jessica (D:2)
  A hound skeleton (D:3)
  2 adders
  3 gnolls (D:2)
  3 dart slugs
  3 leopard geckos
  5 bats
  3 giant cockroaches
  7 goblins
  4 hobgoblins
  A frilled lizard (D:2)
  3 kobolds
  11 rats
47 creatures vanquished.

Notes
Turn   | Place    | Note
-------+----------+-------------------------------------------
     0 | D:1      | roguesci the Naga Transmuter began the quest for the Orb.
     0 | D:1      | Reached XP level 1. HP: 18/18 MP: 3/3
     1 | D:1      | Found a runed translucent door.
   492 | D:1      | Reached XP level 2. HP: 23/25 MP: 3/5
   950 | D:1      | Reached XP level 3. HP: 31/31 MP: 6/6
   955 | D:1      | Learned a level 3 spell: Spider Form
  1594 | D:2      | Noticed Jessica
  1606 | D:2      | Killed Jessica
  1607 | D:2      | Reached skill level 1 in Stealth
  1607 | D:2      | Reached XP level 4. HP: 27/39 MP: 0/7
  2006 | D:2      | Reached skill level 1 in Poison Magic
  2955 | D:3      | Reached XP level 5. HP: 34/45 MP: 8/8
  3084 | D:3      | Slain by a gnoll

Illustrated notes

Levels and vault maps discovered:
D:1:      dpeg_arrival_caged_fury, layout_loops_corners
D:2:      layout_basic, uniq_jessica
D:3:      layout_basic, lemuel_doored_altar, nrook_loot_triangle

Skill      XL: |  1  2  3  4 |
---------------+-------------+-----
Stealth        | 1 |  1.9
Poison Magic   | 1 |  1.4
Fighting       | 2 |  2.2
Dodging        | 2 |  2.0
Transmutations | 3 |  3.0
Unarmed Combat | |  3.5
Spellcasting   | |  2.5

Action                   |  1- 3 |  4- 6 || total
-------------------------+-------+-------++-------
Melee: Unarmed           |    77 |    87 ||   164
       Headbutt          |     3 |     3 ||     6
       Punch             |     2 |       ||     2
 Cast: Beastly Appendage |     9 |     8 ||    17
       Spider Form       |     1 |     1 ||     2
 Abil: Spit Poison       |     1 |     3 ||     4
  Use: Potion            |       |     3 ||     3
       Scroll            |       |     2 ||     2
 Stab: Sleeping          |     1 |     3 ||     4
Armor: Robe              |    13 |    22 ||    35
       Skin              |       |     1 ||     1
Dodge: Dodged            |    34 |    50 ||    84
